 Dungeon Crawl Stone Soup version 0.24.0-123-gd5b16e6ec5 (webtiles) character file.

Game seed: 10307218619832616961, levelgen mode: deterministic

96086 Elellon the Executioner (level 15, -2/146 HPs)
             Began as a Deep Dwarf Fighter on Jan 1, 2020.
             Was the Champion of Makhleb.
             Killed from afar by Arachne (9 damage)
             ... with a bolt of poison
             ... on level 2 of the Spider Nest.
             The game lasted 01:25:00 (16476 turns).

Elellon the Executioner (Deep Dwarf Fighter)       Turns: 16476, Time: 01:25:01

Health: -2/146     AC: 20    Str: 25    XL:     15   Next: 68%
Magic:  0/4        EV:  9    Int:  8    God:    Makhleb [******]
Gold:   1536       SH:  0    Dex: 12    Spells: 14/14 levels left

rFire    + + +     SeeInvis .   a - +4 battleaxe "Hydraslayer" {speed, rPois MR++ Str-3}
rCold    x . .     Gourm    .   (shield currently unavailable)
rNeg     + . .     Faith    .   Y - +2 chain mail {rPois}
rPois    +         Spirit   +   (no helmet)
rElec    .         Reflect  .   z - +1 cloak
rCorr    .         Harm     .   L - +0 pair of gloves
MR       ++++.                  V - +0 pair of boots
Stlth    ..........             i - amulet "Xoryq" {Spirit rPois rF++ rC- Stlth+}
HPRegen  0.00/turn              S - ring of protection from cold
MPRegen  0.09/turn              r - ring of Fixation {Fire +Inv rPois Str+3 Int-2}

@: lethally poisoned (-2 -> -25), non-regenerating
A: damage resistance, heal wounds, negative energy resistance 1, sense
surroundings 2, no regeneration
a: Heal Wounds, Minor Destruction, Lesser Servant of Makhleb, Major Destruction,
Greater Servant of Makhleb, Renounce Religion, Evoke Invisibility


You were on level 2 of the Spider Nest.
You worshipped Makhleb.
Makhleb was exalted by your worship.
You were not hungry.

You visited 4 branches of the dungeon, and saw 23 of its levels.
You visited the Abyss 1 time.
You also visited: Volcano.

You collected 1536 gold pieces.

Inventory:

Hand Weapons
 a - the +4 battleaxe "Hydraslayer" (weapon) {speed, rPois MR++ Str-3}
   (You found it on level 8 of the Dungeon)

   Attacks with this weapon are significantly faster.
   It affects your strength (-3).
   It protects you from poison.
   It affects your resistance to hostile enchantments.
 b - a +0 hand axe of flaming
Missiles
 h - 532 stones (quivered)
Armour
 c - a +0 shield
 n - a +0 plate armour
 z - a +1 cloak (worn)
 I - a +0 chain mail of fire resistance
 L - a +0 pair of gloves (worn)
 V - a +0 pair of boots (worn)
 Y - a +2 chain mail of poison resistance (worn)
Jewellery
 i - the amulet "Xoryq" (around neck) {Spirit rPois rF++ rC- Stlth+}
   (You found it on level 1 of the Spider Nest)

   [amulet of guardian spirit]

   It causes incoming damage to be split between your health and magic.
   It greatly protects you from fire.
   It makes you vulnerable to cold.
   It protects you from poison.
   It makes you more stealthy.
 r - the ring of Fixation (right hand) {Fire +Inv rPois Str+3 Int-2}
   (You found it on level 1 of the Spider Nest)

   [ring of fire]

   It enhances your fire magic.
   It affects your strength (+3).
   It affects your intelligence (-2).
   It protects you from fire.
   It makes you vulnerable to cold.
   It protects you from poison.
   It lets you turn invisible.
 t - the ring "Kunejouf" {rN+ Str+6}
   (You found it on level 1 of the Spider Nest)

   [ring of positive energy]

   It affects your strength (+6).
   It protects you from negative energy.
 w - the ring of the Death Scarab {Wiz rPois Str+5}
   (You found it on level 5 of the Dungeon)

   [ring of wizardry]

   It improves your spell success rate.
   It affects your strength (+5).
   It protects you from poison.
 P - an uncursed ring of resist corrosion
 S - a ring of protection from cold (left hand)
 Z - a +4 ring of protection
Wands
 m - a wand of disintegration (15)
 v - a wand of flame (25)
 y - a wand of polymorph (5)
 B - a wand of random effects (11)
 C - a wand of paralysis (13)
 F - a wand of enslavement (7)
Scrolls
 j - 4 scrolls of blinking {unknown}
 k - 5 scrolls of enchant weapon
 l - 12 scrolls of teleportation
 o - 2 scrolls of noise {unknown}
 s - 5 scrolls of enchant armour {unknown}
 u - 6 scrolls of remove curse
 A - 4 scrolls of magic mapping {unknown}
 K - a scroll of random uselessness {unknown}
 M - 3 scrolls of immolation {unknown}
 O - 2 scrolls of fear {unknown}
 Q - 3 scrolls of acquirement {unknown}
 T - a scroll of fog {unknown}
 U - a scroll of summoning {unknown}
 W - a scroll of brand weapon {unknown}
Potions
 d - 2 potions of might
 g - 3 potions of heal wounds
 p - 2 potions of mutation
 q - 3 potions of curing
 x - 2 potions of flight
 D - 3 potions of brilliance
 E - a potion of agility {unknown}
 J - 2 potions of resistance
 N - a potion of haste
Comestibles
 f - 28 rations


   Skills:
 + Level 12.7 Fighting
 - Level 21.2 Axes
 * Level 13.3 Armour
 + Level 6.4 Shields


You had 14 spell levels left.
You didn't know any spells.
Your spell library contained the following spells:

 Spells                   Type           Power        Failure   Level  Hunger
 Beastly Appendage        Tmut           #.....       88%         1    ##.....
 Confusing Touch          Hex            #.....       88%         1    ##.....
 Flame Tongue             Conj/Fire      #....        88%         1    ##.....
 Magic Dart               Conj           #...         88%         1    ##.....
 Blink                    Tloc           N/A          95%         2    ###....
 Call Imp                 Summ           #.......     95%         2    ###....
 Slow                     Hex            #.......     95%         2    ###....
 Sticks to Snakes         Tmut           #.......     95%         2    ###....
 Throw Flame              Conj/Fire      #.....       95%         2    ###....
 Confuse                  Hex            #.......     99%         3    ####...
 Conjure Flame            Conj/Fire      #.......     99%         3    ####...
 Gell's Gravitas          Tloc           #.........   99%         3    ####...
 Inner Flame              Hex/Fire       #.......     99%         3    ####...
 Mephitic Cloud           Conj/Pois/Air  #.......     99%         3    ####...
 Spider Form              Tmut/Pois      #.........   99%         3    ####...
 Ice Form                 Ice/Tmut       #.......     100%        4    #####..
 Leda's Liquefaction      Hex/Erth       #.........   100%        4    #####..
 Petrify                  Tmut/Erth      #.......     100%        4    #####..
 Sticky Flame             Conj/Fire      #.......     100%        4    #####..
 Blade Hands              Tmut           #.........   100%        5    ######.
 Bolt of Magma            Conj/Fire/Erth #.........   100%        5    ######.
 Fireball                 Conj/Fire      #.........   100%        5    ######.
 Metabolic Englaciation   Hex/Ice        #.........   100%        5    ######.
 Yara's Violent Unravell  Hex/Tmut       #.........   100%        5    ######.
 Iron Shot                Conj/Erth      #.........   100%        6    #######
 Statue Form              Tmut/Erth      #........    100%        6    #######
 Shatter                  Erth           #.........   100%        9    #######


Dungeon Overview and Level Annotations

Branches:
Dungeon (14/15)            Temple (1/1) D:6            Lair (6/6) D:8
 Shoals (0/4) Lair:3       Spider (2/4) Lair:4        Slime (0/5) Lair:6
    Orc (0/2) D:10        Volcano (visited)
 Vaults: D:13-14

Altars:
Ashenzari
Cheibriados
Dithmenos
Elyvilon
Fedhas
Gozag
Hepliaklqana
Kikubaaqudgha
Makhleb
Nemelex Xobeh
Okawaru
Qazlal
Ru
Sif Muna
Trog
Uskayaw
Vehumet
Wu Jian
Xom
Yredelemnul
Zin
The Shining One
Beogh

Annotations:
D:7 2 transporters, nodrog's ghost, novice MiBe
D:9 3 runed translucent doors, ruda's ghost, novice HOBe
Lair:1 Sonja
Lair:6 exclusion: oklob plant
Spider:2 Arachne; Jorgrun


Innate Abilities, Weirdness & Mutations

You are resistant to damage.
You can heal yourself by infusing magical energy.
You resist negative energy. (rN+)
You passively map the area around you.
You do not regenerate.


Message History

You feel sick.
Arachne points her staff at you, shooting a stream of webbing.
The stream of webbing misses you.
You hit Jorgrun.
Jorgrun is moderately wounded.
You hit Arachne. You barely miss the redback.
* * * LOW HITPOINT WARNING * * *
You feel sick. Jorgrun casts a spell at you.
The wall shatters!
The blast of rock fragments hits you!!
* * * LOW HITPOINT WARNING * * *
The redback closely misses you.
You hit Arachne but do no damage.
Arachne is heavily wounded.
You miss the redback. You slice Jorgrun!!
* * * LOW HITPOINT WARNING * * *
You feel sick.
Arachne stares at you and mumbles some strange words.
The bolt of poison hits you! You resist.
You die...

, , * * * *, * , , ,
* ,* ** * * ,, , , *
, , , * * ,, * *, *
** , , # * ###### ,
* .# ####....# *
.#####..††..<. , *
####.###......#.#.#
, , *
##g@^.#.......######
* #†sH.....[##### *
* #.(..##...### *
#...####### , , #...
, ##^.* * **...* *
..## * ##.


You could see Arachne, Jorgrun and a redback.

Vanquished Creatures
  2 tentacled starspawn (Abyss:2)
  2 entropy weavers (Spider:1)
  A purple draconian (Abyss:2)
  Josephine (Lair:5)
  4 hydras
  3 catoblepae (Lair:6)
  An ogre mage (D:14)
  5 two-headed ogres
  2 centaur warriors
  18 death yaks
  2 tengu warriors (D:14)
  2 thrashing horrors (Abyss:2)
  A salamander mystic (Volcano)
  A hell knight (Volcano)
  A sixfirhy (Abyss:2)
  2 unseen horrors
  Pikel (D:5)
  3 deep elf magi
  6 orb spiders (Spider:1)
  8 ugly things
  6 wolf spiders
  A cyclops (D:12)
  3 manticores
  6 salamanders (Volcano)
  A merfolk siren (Lair:3)
  Maurice (D:8)
  3 black mambas
  5 elephants (Lair:6)
  An apocalypse crab (Abyss:2)
  6 spiny frogs
  A smoke demon (Abyss:2)
  5 centaur skeletons
  4 demonic crawlers
  A rime drake (Lair:6)
  A freezing wraith (D:14)
  2 komodo dragons (Lair:6)
  3 efreet
  A tengu conjurer (D:10)
  A hellwing (Abyss:2)
  13 jumping spiders
  The ghost of diiiiiane the Magician, a novice SpCj (D:5)
  3 raiju (Abyss:2)
  6 hippogriffs
  5 dream sheep (Lair:5)
  10 blink frogs (Lair:5)
  4 shadows
  41 redbacks
  5 large abominations (Abyss:2)
  7 tarantellas
  A vampire (D:13)
  5 starcursed masses (Abyss:2)
  5 wraiths
  52 yaks
  3 basilisks
  3 ynoxinuls (Abyss:2)
  A fire elemental (Lair:3)
  3 golden eyes (Abyss:2)
  2 vampire mosquitoes (D:12)
  4 hungry ghosts
  A soldier ant (D:14)
  2 acid dragons
  4 insubstantial wisps (Abyss:2)
  6 water moccasins
  10 porcupines
  An ice beast (D:13)
  7 orc warriors
  2 phantoms
  A slave (D:5)
  2 sky beasts
  2 small abominations (Abyss:2)
  A black bear (D:13)
  9 ogres
  9 wolves
  14 centaurs
  10 crocodiles
  2 big kobolds
  A gnoll sergeant (D:12)
  18 bullfrogs
  A wyvern zombie (D:14)
  A water moccasin zombie (D:10)
  5 scorpions
  12 killer bees
  8 wights
  3 howler monkeys
  A lava snake (Lair:3)
  8 crimson imps
  3 centaur zombies
  3 quasits
  An iron imp (Abyss:2)
  9 jellies
  6 hounds
  4 bullfrog skeletons
  8 orc priests
  7 iguanas
  7 orc wizards
  10 worker ants
  A hell rat (D:8)
  A hound zombie (D:4)
  A hound skeleton (D:8)
  2 worker ant zombies
  6 gnolls
  2 howler monkey skeletons (D:8)
  17 adders
  3 river rats (D:8)
  6 shadow imps
  A white imp (D:5)
  8 oozes
  An adder zombie (D:8)
  3 worms (D:2)
  2 dart slugs (D:1)
  6 leopard geckos
  61 orcs
  2 giant cockroaches (D:5)
  4 goblins
  6 hobgoblins
  14 jackals
  17 kobolds
  9 quokkas
  2 bats
  6 frilled lizards
  2 quokka skeletons
  8 rats
  5 fungi
  2 plants
689 creatures vanquished.

Vanquished Creatures (others)
  An orb spider (Spider:1)
  2 jumping spiders (Spider:1)
  A tarantella (Spider:1)
  A water moccasin (Lair:4)
  A butterfly (Lair:6)
  7 fungi
  16 plants
  15 starspawn tentacles (Abyss:2)
44 creatures vanquished.

Grand Total: 733 creatures vanquished

Notes
Turn   | Place    | Note
-------+----------+-------------------------------------------
     0 | D:1      | Elellon the Deep Dwarf Fighter began the quest for the Orb.
     0 | D:1      | Reached XP level 1. HP: 20/20 MP: 1/1
    53 | D:1      | Reached skill level 3 in Axes
    59 | D:1      | Reached XP level 2. HP: 21/27 MP: 2/2
   310 | D:1      | Reached skill level 4 in Axes
   310 | D:1      | Reached XP level 3. HP: 19/33 MP: 3/3
   720 | D:2      | Reached XP level 4. HP: 35/40 MP: 4/4
   834 | D:2      | Reached skill level 5 in Axes
  2068 | D:4      | Noticed an ogre
  2092 | D:4      | HP: 2/40 [ogre/+0 giant club (8)]
  2093 | D:4      | Killed an ogre
  2093 | D:4      | Reached skill level 6 in Axes
  2093 | D:4      | Reached XP level 5. HP: 2/46 MP: 5/5
  2148 | D:4      | Found a shadowy altar of Dithmenos.
  2276 | D:4      | Reached skill level 7 in Axes
  2276 | D:4      | Reached XP level 6. HP: 42/55 MP: 5/5
  2343 | D:4      | Reached skill level 8 in Axes
  2485 | D:4      | Found a stormy altar of Qazlal.
  2518 | D:4      | Reached XP level 7. HP: 60/61 MP: 6/6
  2849 | D:5      | Entered Level 5 of the Dungeon
  2916 | D:5      | Reached skill level 9 in Axes
  2926 | D:5      | Found a runed translucent gate.
  2926 | D:5      | Found a runed translucent gate.
  2935 | D:5      | Found a runed translucent gate.
  2950 | D:5      | Noticed diiiiiane's ghost (novice SpCj)
  3004 | D:5      | Found a shadowy altar of Dithmenos.
  3163 | D:5      | Noticed Pikel
  3184 | D:5      | Killed Pikel
  3184 | D:5      | Reached skill level 10 in Axes
  3184 | D:5      | Reached XP level 8. HP: 22/72 MP: 7/7
  3189 | D:5      | Found an iron altar of Okawaru.
  3349 | D:5      | Got a wavering turquoise ring
  3366 | D:5      | Found an ornate altar of the Wu Jian Council.
  3367 | D:5      | Found a hazy altar of Hepliaklqana.
  3584 | D:5      | Identified the ring of the Death Scarab {Wiz rPois Str+5}
                  | (You found it on level 5 of the Dungeon)
  3663 | D:5      | Killed diiiiiane's ghost
  3733 | D:6      | Reached skill level 5 in Armour
  3800 | D:6      | Found a sacrificial altar of Ru.
  3847 | D:6      | Reached skill level 5 in Shields
  3872 | D:6      | Gained mutation: You passively map the area around you.
                  | [Deep Dwarf growth]
  3872 | D:6      | Reached XP level 9. HP: 43/79 MP: 8/8
  3906 | D:6      | Reached skill level 11 in Axes
  4051 | D:6      | Found a staircase to the Ecumenical Temple.
  4058 | Temple   | Entered the Ecumenical Temple
  4193 | Temple   | Became a worshipper of Makhleb the Destroyer
  4563 | D:7      | Paralysed by fainting for 6 turns
  4637 | D:7      | Reached skill level 5 in Fighting
  4641 | D:7      | Paralysed by fainting for 6 turns
  4656 | D:7      | Paralysed by fainting for 10 turns
  4821 | D:7      | Found a transporter.
  4824 | D:7      | Noticed nodrog's ghost (novice MiBe)
  4825 | D:7      | Found a bloodstained altar of Trog.
  4831 | D:7      | Noticed a moth of wrath
  4841 | D:7      | Noticed a troll
  4842 | D:7      | Found a transporter.
  4842 | D:7      | Identified the +6 dire flail of Qeumom {protect, rN++}
  4842 | D:7      | Noticed a tengu warrior
  5174 | D:8      | Got an ebony battleaxe
  5195 | D:8      | Identified the +4 battleaxe "Hydraslayer" {speed, rPois
                  | MR++ Str-3} (You found it on level 8 of the Dungeon)
  5223 | D:8      | Reached * piety under Makhleb
  5268 | D:8      | Noticed a death yak
  5268 | D:8      | Noticed a death yak
  5269 | D:8      | Found a staircase to the Lair.
  5269 | D:8      | Noticed a death yak
  5291 | D:8      | Killed a death yak
  5291 | D:8      | Reached skill level 12 in Axes
  5291 | D:8      | Reached XP level 10. HP: 53/90 MP: 8/8
  5298 | D:8      | Killed a death yak
  5309 | D:8      | Killed a death yak
  5309 | D:8      | Reached skill level 13 in Axes
  5400 | D:8      | Reached ** piety under Makhleb
  5569 | D:8      | Noticed Maurice
  5582 | D:8      | Killed Maurice
  5826 | Lair:1   | Entered Level 1 of the Lair of Beasts
  5986 | D:9      | Found an ancient bone altar of Kikubaaqudgha.
  6018 | D:9      | Found a blossoming altar of Fedhas.
  6262 | D:9      | Found a runed translucent gate.
  6262 | D:9      | Found a runed translucent gate.
  6262 | D:9      | Found a runed translucent gate.
  6262 | D:9      | Noticed ruda's ghost (novice HOBe)
  6783 | D:10     | Entered Level 10 of the Dungeon
  6886 | D:10     | Reached skill level 14 in Axes
  6972 | D:10     | Reached *** piety under Makhleb
  7085 | D:10     | Found a roughly hewn altar of Beogh.
  7085 | D:10     | Found a staircase to the Orcish Mines.
  7186 | D:10     | Reached XP level 11. HP: 75/99 MP: 8/8
  7839 | D:11     | Noticed a green ugly thing
  7847 | D:11     | Killed a green ugly thing
  7869 | D:11     | Noticed a purple ugly thing
  7884 | D:11     | Killed a purple ugly thing
  7941 | D:11     | Reached **** piety under Makhleb
  8093 | D:11     | Reached skill level 15 in Axes
  8462 | D:12     | Noticed a two-headed ogre
  8475 | D:12     | Killed a two-headed ogre
  8580 | D:12     | Reached ***** piety under Makhleb
  8591 | D:12     | Reached skill level 16 in Axes
  8701 | D:12     | Noticed a red ugly thing
  8718 | D:12     | Killed a red ugly thing
  8733 | D:12     | Killed an unseen horror
  8803 | D:12     | Reached XP level 12. HP: 63/109 MP: 8/8
  9021 | D:13     | Reached skill level 17 in Axes
  9035 | D:13     | Noticed a centaur warrior
  9040 | D:13     | Killed a centaur warrior
  9055 | D:13     | Noticed a two-headed ogre
  9068 | D:13     | Killed a two-headed ogre
  9148 | D:13     | Noticed a two-headed ogre
  9156 | D:13     | Killed a two-headed ogre
  9573 | D:14     | Reached skill level 18 in Axes
  9578 | D:14     | Noticed a centaur warrior
  9590 | D:14     | Noticed an ogre mage
  9599 | D:14     | Noticed a two-headed ogre
  9607 | D:14     | Killed a centaur warrior
  9612 | D:14     | HP: 4/111 [ogre mage/crystal spear (17)]
  9614 | D:14     | Killed an ogre mage
  9616 | D:14     | Killed a two-headed ogre
  9619 | D:14     | Reached XP level 13. HP: 62/118 MP: 7/7
  9738 | D:11     | Reached ****** piety under Makhleb
  9974 | Lair:1   | Reached skill level 19 in Axes
 10051 | Lair:1   | Noticed Sonja
 10599 | Lair:1   | Cast into level 2 of the Abyss (Sonja)
 10916 | Abyss:2  | Noticed a starcursed mass
 10999 | Abyss:2  | Reached skill level 10 in Armour
 11076 | Abyss:2  | Noticed a tentacled starspawn
 11119 | Abyss:2  | Noticed a purple draconian
 11135 | Abyss:2  | Killed a purple draconian
 11137 | Abyss:2  | Killed a tentacled starspawn
 11166 | Abyss:2  | Noticed a tentacled starspawn
 11173 | Abyss:2  | Killed a tentacled starspawn
 11173 | Abyss:2  | Reached skill level 20 in Axes
 11185 | Lair:1   | Escaped the Abyss
 11487 | Lair:2   | Got a heavily runed iron ring
 11975 | Lair:3   | Gained mutation: You resist negative energy. (rN+) [Deep
                  | Dwarf growth]
 11975 | Lair:3   | Reached XP level 14. HP: 114/129 MP: 7/7
 12029 | Lair:3   | Found a staircase to the Shoals.
 12148 | Lair:3   | Found a dark tunnel.
 12153 | Volcano  | Entered a volcano
 12155 | Volcano  | Identified the cursed ring "Xacotev" {*Drain rN+ AC-4
                  | Dex+5} (You found it on level 2 of the Lair of Beasts)
 12182 | Volcano  | Found a radiant altar of Vehumet.
 12501 | Lair:3   | Reached skill level 10 in Fighting
 13198 | Lair:4   | Found a hole to the Spider Nest.
 13910 | Lair:5   | Noticed Josephine
 13930 | Lair:5   | Killed Josephine
 14303 | Lair:6   | Entered Level 6 of the Lair of Beasts
 14494 | Lair:6   | Found a staircase to the Slime Pits.
 14884 | Lair:6   | Reached XP level 15. HP: 142/142 MP: 5/5
 15130 | Lair:6   | Reached skill level 21 in Axes
 15639 | Spider:1 | Entered Level 1 of the Spider Nest
 15639 | Spider:1 | Found a transporter.
 16041 | Spider:1 | Found a transporter.
 16325 | Spider:1 | Got a vibrating bronze ring
 16337 | Spider:1 | Identified the ring "Kunejouf" {rN+ Str+6} (You found it on
                  | level 1 of the Spider Nest)
 16347 | Spider:1 | Got a faintly glowing bronze amulet
 16350 | Spider:1 | Got a crude lapis lazuli ring
 16359 | Spider:1 | Identified the amulet "Xoryq" {Spirit rPois rF++ rC-
                  | Stlth+} (You found it on level 1 of the Spider Nest)
 16361 | Spider:1 | Identified the ring of Fixation {Fire +Inv rPois Str+3
                  | Int-2} (You found it on level 1 of the Spider Nest)
 16448 | Spider:2 | Noticed Arachne
 16449 | Spider:2 | Noticed Jorgrun
 16466 | Spider:2 | HP: 6/146 [redback (10)]
 16476 | Spider:2 | HP: 7/146 [poisoned by a redback]
 16476 | Spider:2 | Killed from afar by Arachne

Levels and vault maps discovered:
D:1:      shiori_arrival_maze, layout_loops_cross
D:2:      layout_basic
D:3:      layout_basic, chequers_ecumenical_altar_simple,
          hangedman_decor_opposing
D:4:      layout_loops_corners, nicolae_dithmenos_through_a_glass_darkly,
          nicolae_qazlal_general_emergency
D:5:      layout_rooms, old_standard_altar, gammafunk_temple_overflow_pools,
          basic_altar, ebering_ghost_rock_garden, first_ration,
          minmay_fire_ice_demons, uniq_pikel
D:6:      layout_rooms, minmay_temple_entry_junction, lemuel_altar_in_water
D:7:      layout_loops_corners, gammafunk_ghost_wrathful_warriors
D:8:      layout_loops_ring, dpeg_lair_monsters, uniq_maurice
D:9:      layout_cave_pods, lemuel_round_altar, kiku_gazebo_pond_becter,
          gammafunk_ghost_spectres, hangedman_little_slice_of_home
D:10:     layout_loops_ring, david_orc_5, wad_mini_maze
D:11:     layout_loops_cross
D:12:     layout_cave_pods, st_stairs_3, glass_columns_b, minmay_rotating_lava
D:13:     layout_cave_pools
D:14:     layout_cave_pools, david_vaults_2, gammafunk_ghost_hive, serial_bayou,
          serial_bayou_lagoon_a, serial_bayou_ford_a, serial_bayou_pond_c,
          serial_bayou_pond_b, tso_metal_star, corexii_checkpoint_b
Temple:   regret_index_temple_sphere_string
Lair:1:   layout_concentric_octagons, uniq_sonja
Lair:2:   layout_regular_city
Lair:3:   layout_gridlike, minmay_shoals_entry_lonely_mermaid,
          nicolae_volcano_entry_s_turn
Lair:4:   layout_roguey, spider_nest_entry_webs, lemuel_old_faithful
Lair:5:   layout_roguey, uniq_josephine
Lair:6:   evilmike_catoblepas_cave, layout_misc_corridors,
          nicolae_slime_entry_slimehenge, lemuel_fruit_fields
Spider:1: gammafunk_its_a_trap
Spider:2: layout_spider_delve, drop_trap, hangedman_spider_mandibles,
          nicolae_spider_cling_ruins, uniq_azrael, uniq_arachne, uniq_jorgrun,
          uniq_kirke

Skill      XL: |  1  2  3  4  5  6  7  8  9 10 11 12 13 14 15 |
---------------+----------------------------------------------+-----
Axes           | 3 4 6 7 8 10 12 14 16 18 20 21 | 21.2
Fighting       | 3 4 5 6 7 8 9 11 12 | 12.7
Armour         | 4 5 7 8 9 10 11 13 | 13.3
Shields        | 4 5 6 |  6.4

Action                   |  1- 3 |  4- 6 |  7- 9 | 10-12 | 13-15 || total
-------------------------+-------+-------+-------+-------+-------++-------
Melee: War axe           |   124 |   147 |   271 |       |       ||   542
       Hand axe          |       |       |   107 |       |    36 ||   143
       Battleaxe         |       |       |    41 |   656 |  1022 ||  1719
Throw: Stone             |       |       |       |     2 |       ||     2
 Abil: Heal Wounds       |     1 |     5 |    11 |     9 |    20 ||    46
  Use: Scroll            |       |     2 |     3 |     2 |    11 ||    18
       Potion            |       |       |       |       |    10 ||    10
 Stab: Distracted        |       |       |       |       |     1 ||     1
  Eat: Chunk             |       |     5 |    15 |     9 |    15 ||    44
       Ration            |       |       |       |     3 |     2 ||     5
Armor: Scale mail        |    23 |       |       |       |       ||    23
       Chain mail        |    18 |    62 |       |       |   313 ||   393
       Plate armour      |       |       |   192 |   350 |   156 ||   698
Dodge: Dodged            |    39 |    22 |    58 |   185 |   279 ||   583
Block: Shield            |    75 |    69 |   137 |       |       ||   281
